 Dungeon Crawl Stone Soup version 0.23.2-1-ga50397a6bc (webtiles) character file.

Game seed: 12804505291319193915

212 Kobolds4U the Slasher (level 5, -2/41 HPs)
             Began as a Demonspawn Berserker on Apr 26, 2019.
             Was a Believer of Trog.
             Slain by a gnoll (7 damage)
             ... on level 2 of the Dungeon.
             The game lasted 00:05:10 (2465 turns).

Kobolds4U the Slasher (Demonspawn Berserker)        Turns: 2465, Time: 00:05:10

Health: -2/41      AC:  5    Str: 18    XL:     5   Next: 58%
Magic:  5/5        EV: 13    Int:  8    God:    Trog [**....]
Gold:   203        SH:  0    Dex: 13    Spells: 4/4 levels left

rFire    . . .     SeeInvis .   a - +0 falchion
rCold    . . .     Gourm    .   (no shield)
rNeg     . . .     Faith    .   d - +0 leather armour
rPois    .         Spirit   .   (no helmet)
rElec    .         Reflect  .   (no cloak)
rCorr    .         Harm     .   (no gloves)
MR       ++...                  (no boots)
Stlth    +.........             j - amulet of regeneration
HPRegen  1.53/turn              (no ring)
MPRegen  0.09/turn              (no ring)

@: regenerating
A: molten scales 1, powered by death 1
a: Berserk, Trog's Hand, Renounce Religion


You were on level 2 of the Dungeon.
You worshipped Trog.
Trog was pleased with you.
You were not hungry.

You visited 1 branch of the dungeon, and saw 3 of its levels.

You collected 203 gold pieces.

Inventory:

Hand Weapons
 a - a +0 falchion (weapon)
Armour
 d - a +0 leather armour (worn)
Jewellery
 j - an amulet of regeneration (around neck)
Wands
 l - a wand of flame (19)
Scrolls
 e - a scroll of immolation {unknown}
 f - 3 scrolls of teleportation {unknown}
 g - 2 scrolls of identify {unknown}
 k - a scroll of fog {unknown}
 m - a scroll of blinking {unknown}
 n - a scroll of random uselessness {unknown}
 p - a scroll of noise {unknown}
 q - 3 scrolls of remove curse {unknown}
Potions
 h - 3 potions of curing
 i - a potion of invisibility {unknown}
 o - a potion of cancellation {unknown}
 r - 2 potions of resistance {unknown}
 s - a potion of heal wounds {unknown}
 t - a potion of ambrosia {unknown}
 u - 2 potions of flight {unknown}
Comestibles
 b - 5 chunks of flesh
 c - 4 rations


   Skills:
 - Level 3.0 Fighting
 + Level 4.8 Long Blades
 - Level 1.7 Armour
 + Level 3.6 Dodging


You had 4 spell levels left.
You didn't know any spells.
Your spell library was empty.

Dungeon Overview and Level Annotations

Branches:
Dungeon (3/15)

Altars:
Ru
Trog

Annotations:
D:3 3 runed translucent doors, chimenez's ghost, amateur TrMo


Innate Abilities, Weirdness & Mutations

You are partially covered in molten scales. (AC +2)
You regenerate a little health from kills.


Message History

The gnoll is moderately wounded.
The gnoll hits you.
* * * LOW HITPOINT WARNING * * *
The gnoll hits you with a +0 whip.
* * * LOW HITPOINT WARNING * * *
You barely miss the gnoll.
The gnoll is moderately wounded.
The gnoll hits you.
* * * LOW HITPOINT WARNING * * *
The gnoll hits you but does no damage.
You closely miss the gnoll.
The gnoll is moderately wounded.
The gnoll hits you.
* * * LOW HITPOINT WARNING * * *
The gnoll hits you with a +0 whip.
* * * LOW HITPOINT WARNING * * *
Your skin crawls.
You feel resistant to hostile enchantments.
You feel somewhat more hungry. The gnoll hits you!
You die...

#.#.##....## ###'#.##...##
#...##.'..## #....######
########.....##
#.............#
#.............#
#........)gg..#############
#........#@................
#........#########.########
#........# #.# #(.......#
#.# #........#########.#
####........รท....#.#
#.###########.#.########
#.#......# #.#........#
#.#.####.# #.######....


You could see 2 gnolls.

Vanquished Creatures
  An iguana (D:3)
  An orc wizard (D:2)
  7 gnolls
  3 adders
  2 leopard geckos
  An orc (D:2)
  3 giant cockroaches (D:2)
  4 goblins
  6 hobgoblins
  2 jackals (D:2)
  4 quokkas (D:2)
  9 bats
  4 frilled lizards
  6 kobolds
  10 rats
63 creatures vanquished.

Notes
Turn   | Place    | Note
-------+----------+-------------------------------------------
     0 | D:1      | Kobolds4U the Demonspawn Berserker began the quest for the
                  | Orb.
     0 | D:1      | Reached XP level 1. HP: 18/18 MP: 1/1
    89 | D:1      | Reached skill level 3 in Long Blades
   225 | D:1      | Gained mutation: You are partially covered in molten
                  | scales. (AC +2) [demonic ancestry]
   225 | D:1      | Reached XP level 2. HP: 22/24 MP: 2/2
  1000 | D:2      | Reached XP level 3. HP: 28/29 MP: 3/3
  1096 | D:2      | Reached ** piety under Trog
  1157 | D:2      | HP: 1/29 [gnoll/+0 flail (10)]
  1253 | D:2      | Reached skill level 4 in Long Blades
  1253 | D:2      | Reached XP level 4. HP: 29/35 MP: 4/4
  1615 | D:2      | Found a sacrificial altar of Ru.
  1789 | D:2      | Found a bloodstained altar of Trog.
  2119 | D:3      | Gained mutation: You regenerate a little health from kills.
                  | [demonic ancestry]
  2119 | D:3      | Reached XP level 5. HP: 11/41 MP: 5/5
  2199 | D:3      | Found a runed translucent gate.
  2199 | D:3      | Noticed chimenez's ghost (amateur TrMo)
  2202 | D:3      | Found a runed translucent gate.
  2202 | D:3      | Found a runed translucent gate.
  2465 | D:2      | Slain by a gnoll

Skill      XL: |  1  2  3  4 |
---------------+-------------+-----
Long Blades    | 3 4 |  4.8
Dodging        | 2 3 |  3.6
Fighting       | |  3.0
Armour         | |  1.7

Action                   |  1- 3 |  4- 6 || total
-------------------------+-------+-------++-------
Melee: Falchion          |    93 |   134 ||   227
Invok: Trog's Hand       |       |     2 ||     2
 Stab: Sleeping          |     1 |       ||     1
       Paralysed         |       |     2 ||     2
       Invisible         |       |     1 ||     1
  Eat: Chunk             |     1 |     5 ||     6
Armor: Animal skin       |     8 |       ||     8
       Leather armour    |    13 |    33 ||    46
Dodge: Dodged            |    67 |   118 ||   185
       Rpst.: Falchion   |    24 |    35 ||    59
